 Dungeon Crawl Stone Soup version 0.17-a0-1468-gbf503c2 (webtiles) character file.

37 Sirial the Insei (level 3, -2/23 HPs)
             Began as an Octopode Transmuter on July 1, 2015.
             Slain by a goblin (5 damage)
             ... led by Robin
             ... on level 2 of the Dungeon.
             The game lasted 00:03:23 (590 turns).

Sirial the Insei (Octopode Transmuter)               Turns: 590, Time: 00:03:23

Health: -2/23      AC:  1    Str: 10    XL:     3   Next: 41%
Magic:  6/6        EV: 12    Int: 15    God:
Gold:   72         SH:  0    Dex: 12    Spells: 1 memorised, 5 levels left

rFire  . . .     SeeInvis .       - Unarmed
rCold  . . .     Clarity  .     (no shield)
rNeg   . . .     SustAt   .     (helmet restricted)
rPois  .         Gourm    .     (no amulet)
rElec  .         Spirit   .     (no ring)
rCorr  .         Warding  .     (no ring)
rMut   .         Stasis   .     (no ring)
MR     .....                    (no ring)
Stlth  ++........               (no ring)
                                (no ring)
                                (no ring)
                                (no ring)

@: appendage (expiring), not resistant to hostile enchantments, unstealthy
A: almost no armour, amphibious, 8 rings, constrict 8, tentacle spike 3,
camouflage 1, mutation resistance 1, gelatinous body 1, subdued magic 1
a: End Transformation


You were on level 2 of the Dungeon.
You were not hungry.
One of your tentacles had a temporary spike.
You visited 1 branch of the dungeon, and saw 2 of its levels.

You collected 72 gold pieces.

Inventory:

Hand weapons
 f - a +0 war axe of electrocution
Missiles
 a - 12 arrows
 d - 2 tomahawks (quivered)
Potions
 e - a potion of lignification
Books
 b - a book of Changes

   Spells                             Type                      Level
   a - Beastly Appendage              Transmutation                1
   b - Sticks to Snakes               Transmutation                2
   c - Spider Form                    Transmutation/Poison         3
   d - Ice Form                       Ice/Transmutation            4
   e - Blade Hands                    Transmutation                5
Comestibles
 c - 2 bread rations


   Skills:
 + Level 1.0 Fighting
 + Level 2.3 Dodging
 + Level 3.4 Unarmed Combat
 + Level 2.2 Spellcasting
 + Level 2.6 Transmutations


You had 5 spell levels left.
You knew the following spells:

 Your Spells              Type           Power        Failure   Level  Hunger
a - Beastly Appendage     Trmt           #.....       4%          1    #......


Dungeon Overview and Level Annotations

Branches:
Dungeon (2/15)

Altars:


Innate Abilities, Weirdness & Mutations

You cannot wear most types of armour.
You are amphibious.
You can wear up to eight rings at the same time.
You can use your tentacles to constrict eight enemies at once.
Your skin changes colour to match your surroundings (Stealth).
Your rubbery body absorbs attacks (AC +1).
One of your tentacles bears a large vicious spike.
You are somewhat resistant to further mutation.
Your spells are a little easier to cast, but a little less powerful.


Message History

You kill Robin!
The goblin hits you but does no damage.
You tentacle-slap the hobgoblin. Your grab misses the hobgoblin.
Your tentacle spike misses the hobgoblin.
The hobgoblin is heavily wounded.
The hobgoblin closely misses you.
You tentacle-slap the hobgoblin but do no damage.
You grab the hobgoblin.
You pierce the hobgoblin, but do no damage.
The hobgoblin is moderately wounded.
You constrict the hobgoblin. The goblin closely misses you.
The hobgoblin closely misses you.
You tentacle-slap the hobgoblin.
You kill the hobgoblin!
The goblin misses you.
You tentacle-slap the goblin. Your grab misses the goblin.
Your tentacle spike misses the goblin.
Your squeeze misses the goblin.
The goblin is heavily wounded.
The goblin barely misses you. The goblin hits you.
You die...

######### #...ggg.# ##
#.....gg# #<# #....gg.#
#######.# #.......#
#.......# #.......#
#)......# #.
#.......########.......###.
.......ggg@g...............
#.......########.......# #.
#######.. #.......# #. ....
#.......# #. ##....
#.......###. #.....
#.......#...
#.....#.########.#.#.
+....................
.#.####.#####.##


You could see 4 goblins.

Vanquished Creatures
  Robin (D:2)
  An ooze (D:1)
  3 goblins
  6 hobgoblins
  A kobold (D:2)
  A quokka (D:2)
  2 bats (D:1)
  3 giant newts
  5 rats
23 creatures vanquished.

Notes
Turn   | Place    | Note
--------------------------------------------------------------
     0 | D:1      | Sirial the Octopode Transmuter began the quest for the Orb.
     0 | D:1      | Reached XP level 1. HP: 13/13 MP: 3/3
   149 | D:1      | Reached XP level 2. HP: 15/18 MP: 5/5
   483 | D:2      | Gained mutation: You are somewhat resistant to further mutation. [potion of mutation]
   483 | D:2      | Gained mutation: Your spells are a little easier to cast, but a little less powerful. [potion of mutation]
   570 | D:2      | Noticed Robin
   579 | D:2      | Reached XP level 3. HP: 12/23 MP: 6/6
   586 | D:2      | Killed Robin
   590 | D:2      | Slain by a goblin

Vault maps used:
D:1:      eino_arrival_water_star
D:2:      lemuel_zombie_altar_yredelemnul, uniq_robin

Action                   || total
-------------------------++-------
Melee: Unarmed           ||    40
 Cast: Beastly Appendage ||    11
  Use: Scroll            ||     3
       Potion            ||     3
 Stab: Sleeping          ||     3
